 Dungeon Crawl Stone Soup version 0.28.0 (webtiles) character file.

Game seed: 5725202181316513704

83 bande the Covered (level 4, -4/29 HPs)
             Began as a Gargoyle Fighter on Feb 11, 2022.
             Slain by an iguana (7 damage)
             ... on level 3 of the Dungeon.
             The game lasted 00:02:50 (2275 turns).

bande the Covered (Gargoyle Fighter)                Turns: 2275, Time: 00:02:51

Health: -4/29      AC: 10    Str: 19    XL:     4   Next: 44%
Magic:  4/4        EV:  9    Int:  9    God:
Gold:   70         SH:  4    Dex: 11    Spells: 3/3 levels left

rFire   . . .      SeeInvis .   a - +0 war axe
rCold   . . .      Faith    .   c - +0 buckler
rNeg    + . .      Spirit   .   b - +0 scale mail
rPois   ∞          Reflect  .   (no helmet)
rElec   +          Harm     .   (no cloak)
rCorr   .          Rampage  .   (no gloves)
Will    .....                   (no boots)
Stlth   ..........              (no amulet)
HPRegen 0.09/turn               (no ring)
MPRegen 0.09/turn               (no ring)

@: no status effects
A: sickness immunity, AC +3, negative energy resistance 1, electricity
resistance, torment resistance 1, petrification resistance
a: no special abilities


You were on level 3 of the Dungeon.
You visited 1 branch of the dungeon, and saw 3 of its levels.

You collected 70 gold pieces.

Inventory:

Hand Weapons
 a - a +0 war axe (weapon)
Armour
 b - a +0 scale mail (worn)
 c - a +0 buckler (worn)
Potions
 d - 3 potions of might
 e - a potion of mutation {unknown}
 f - 2 potions of invisibility {unknown}
 g - a potion of degeneration {unknown}
 h - a potion of flight {unknown}


   Skills:
 + Level 3.9 Fighting
 + Level 2.8 Axes
 + Level 4.1 Armour
 + Level 3.7 Shields


You had 3 spell levels left.
You didn't know any spells.
Your spell library was empty.

Dungeon Overview and Level Annotations

Branches:
Dungeon (3/15)

Altars:


Innate Abilities, Weirdness & Mutations

You are immune to sickness and miasma.
Your stone body is resilient. (AC +3)
You are immune to poison.
You resist negative energy. (rN+)
You are resistant to electric shocks. (rElec)
You are resistant to unholy torment.
You are immune to petrification.


Message History

You slash the jackal!
You kill the jackal!
The jackal barely misses you.
You closely miss the jackal. You hit the jackal. The jackal closely misses you.
The jackal barely misses you. The jackal completely misses you.
The jackal bites you but does no damage.
You slash the jackal!
You kill the jackal!
You barely miss the jackal. The jackal bites you.
The jackal bites you but does no damage.
You hit the jackal.
The jackal is severely wounded.
The jackal bites you.
An iguana comes into view.
A jackal comes into view.
The jackal misses you.
The iguana hisses angrily.
The jackal barks!
You hit the jackal.
You kill the jackal!
You see here a jackal corpse.
The jackal bites you.
You closely miss the iguana. You hit the jackal. The jackal closely misses you.
The jackal bites you but does no damage.
The iguana bites you!
You slash the jackal!
You kill the jackal!
You hit the iguana. The iguana bites you! The iguana completely misses you.
You are too injured to fight recklessly!
You are too injured to fight recklessly!
You are too injured to fight recklessly!
You closely miss the iguana.
The iguana is moderately wounded.
The iguana bites you.
* * * LOW HITPOINT WARNING * * *
You closely miss the iguana.
The iguana is moderately wounded.
The iguana bites you but does no damage.
You closely miss the iguana.
The iguana is moderately wounded.
The iguana bites you!
You die...

#....#
.....#
#....#
#....#
#....#
#...#
#.l.#
#@..#
#†.##
###..#
##....#
##..#..#
#..###.#
#.## .#
##.# .#
#..# .#


You could see an iguana.

Vanquished Creatures
  3 adders
  3 dart slugs
  A bat skeleton (D:2)
  5 endoplasms
  2 giant cockroaches
  5 goblins
  3 hobgoblins
  4 jackals (D:3)
  A quokka (D:1)
  4 ball pythons
  5 bats (D:1)
  4 frilled lizards
  3 kobolds
  4 rats
47 creatures vanquished.

Notes
Turn   | Place    | Note
-------+----------+-------------------------------------------
     0 | D:1      | bande the Gargoyle Fighter began the quest for the Orb.
     0 | D:1      | Reached XP level 1. HP: 14/14 MP: 1/1
   198 | D:1      | Reached XP level 2. HP: 10/19 MP: 2/2
   675 | D:1      | Found a faded altar of an unknown god.
   839 | D:1      | Reached XP level 3. HP: 20/23 MP: 3/3
  1500 | D:2      | Reached skill level 4 in Armour
  1500 | D:2      | Reached XP level 4. HP: 29/29 MP: 4/4
  1531 | D:2      | Identified the +6 plate armour of Vehumet's Castigation
                  | {Will+ Dex+6}
  1797 | D:2      | Identified the +0 pair of gloves of Misanthropy {rPois rC-
                  | rCorr Dex+3}
  2275 | D:3      | Slain by an iguana

Illustrated notes

Levels and vault maps discovered:
D:1:      minmay_arrival_semitransparent, layout_loops_ring,
          hellmonk_ecumenical_altar_arch_garden
D:2:      wad_river_or_something, layout_basic
D:3:      layout_rooms, nemelex_diamond_rough_becter,
          mainiacjoe_overflow_chevrons, minmay_surrounded

Skill      XL: |  1  2  3 |
---------------+----------+-----
Axes           | 2 |  2.8
Armour         | 4 |  4.1
Fighting       | |  3.9
Shields        | |  3.7

Action                   |  1- 3 |  4- 6 || total
-------------------------+-------+-------++-------
Melee: War axe           |    88 |    29 ||   117
  Use: Scroll            |     1 |       ||     1
Armor: Scale mail        |    40 |    17 ||    57
Dodge: Dodged            |    48 |    12 ||    60
Block: Buckler           |    17 |     2 ||    19
